 Dungeon Sprint DCSS version 0.28.0-53-g5a82cb258f (webtiles) character file.

Game seed: 227840820958397562

18337 Zeld the Executioner (level 12, -6/125 HPs)
             Began as a Minotaur Berserker on June 17, 2022.
             Was the Champion of Trog.
             Mangled by a stone giant (31 damage)
             ... in the Dungeon (Sprint IX: "|||||||||||||||||||||||||||||").
             The game lasted 00:03:57 (2560 turns).

Zeld the Executioner (Minotaur Berserker)           Turns: 2560, Time: 00:03:57

Health: -6/125     AC: 23    Str: 27    XL:     12   Next: 26%
Magic:  11/11      EV: 13    Int:  4    God:    Trog [******]
Gold:   930        SH:  0    Dex: 10    Spells: 11/11 levels left

rFire   . . .      SeeInvis +   a - +4 executioner's axe (flame)
rCold   . . .      Faith    .   (shield currently unavailable)
rNeg    . . .      Spirit   .   u - +1 plate armour {Will+}
rPois   +          Reflect  .   (helmet restricted)
rElec   .          Harm     .   l - +1 cloak
rCorr   .          Rampage  .   (no gloves)
Will    +....      NoTele   +   k - +0 pair of boots
Stlth   ..........              (no amulet)
HPRegen 0.30/turn               y - ring of see invisible
MPRegen 0.12/turn               x - ring of poison resistance

@: on berserk cooldown, slowed, very slow
A: horns 2, retaliatory headbutt
a: Renounce Religion, Berserk, Trog's Hand, Brothers in Arms


You were in the Dungeon.
You worshipped Trog.
Trog was exalted by your worship.
You visited 1 branch You collected 1950 gold pieces.
You spent 1020 gold pieces at shops.

Inventory:

Hand Weapons
 a - a +4 executioner's axe of flaming (weapon)
Armour
 k - a +0 pair of boots (worn)
 l - a +1 cloak (worn)
 u - a +1 plate armour of willpower (worn)
Jewellery
 w - a ring of protection from cold
 x - a ring of poison resistance (right hand)
 y - a ring of see invisible (left hand)
 z - a ring of protection from fire
Wands
 j - a wand of acid (10)
 n - a wand of iceblast (6)
 v - a wand of polymorph (7)
Scrolls
 b - 6 scrolls of identify
 h - 4 scrolls of blinking
 m - a scroll of fog
 p - a scroll of fear
 q - 2 scrolls of enchant weapon
 r - 6 scrolls of enchant armour
 s - a scroll of silence
Potions
 c - 8 potions of curing
 d - 4 potions of heal wounds
 e - 2 potions of haste
 f - 4 potions of magic
 g - 2 potions of berserk rage
 i - a potion of invisibility
 o - 2 potions of mutation


   Skills:
 + Level 17.4 Fighting
 * Level 23.4 Axes
 + Level 17.2 Armour
 + Level 15.9 Dodging


You had 11 spell levels left.
You didn't know any spells.
Your spell library was empty.

Dungeon Overview and Level Annotations

Branches:
Dungeon (1/1)

Altars:
Cheibriados
Dithmenos
Elyvilon
Fedhas
Gozag
Hepliaklqana
Kikubaaqudgha
Makhleb
Nemelex Xobeh
Okawaru
Qazlal
Ru
Sif Muna
Trog
Uskayaw
Vehumet
Wu Jian
Xom
Yredelemnul
Zin
The Shining One
Beogh
Jiyva
Lugonu

Shops:
D (**:


Innate Abilities, Weirdness & Mutations

You have a pair of horns on your head.
You reflexively headbutt those who attack you in melee.


Message History

The large rock hits you!!
Things that are here:
a +0 great mace; a +0 chain mail; 5 large rocks Unknown command.
You slice the stone giant!! You burn the stone giant!
The stone giant is heavily wounded.
The stone giant hits you but does no damage.
You slice the stone giant!! You burn the stone giant!
The stone giant is almost dead.
The stone giant barely misses you.
Unknown command.
Unknown command.
You slice the stone giant!! You burn the stone giant.
You kill the stone giant!
Trog accepts your kill. Trog grants you a weapon!
Something appears at your feet!
You see here a +3 battleaxe.
You slash the vampire mage! You burn the vampire mage!
Your headbutt misses the vampire mage.
The vampire mage is heavily damaged.
An ice dragon comes into view.
Unknown command.
You hit the stone giant but do no damage.
A flayed ghost comes into view.
The stone giant barely misses you. You furiously retaliate!
You headbutt the stone giant, but do no damage.
Unknown command.
You hit the stone giant. You burn the stone giant.
You headbutt the stone giant, but do no damage.
The stone giant is lightly wounded.
The stone giant hits you!!
Unknown command.
You hit the stone giant. You burn the stone giant.
The stone giant is lightly wounded.
The stone giant hits you!!
* * * LOW HITPOINT WARNING * * *
Unknown command.
Your stone giant goes berserk!
The stone giant hits you!!
You die...

..)†........††...........'..[[.[.
▓▓▓▓▓▓▓▓▓▓▓▓▓▓▓▓▓▓▓▓▓▓▓▓▓▓▓▓▓▓▓▓▓
.................................
▓▓▓▓▓▓▓▓▓▓▓▓▓▓▓▓▓▓▓▓▓▓▓▓▓▓▓▓▓▓▓▓▓
))..))))...))....∩[∩=∩.∩.....'...
▓▓▓▓▓▓▓▓▓▓▓▓▓▓▓▓▓▓▓▓▓▓▓▓▓▓▓▓▓▓▓▓▓
...........................).....
▓▓▓▓▓▓▓▓▓▓▓▓▓▓▓▓▓▓▓▓▓▓▓▓▓▓▓▓▓▓▓▓▓
[[[....!.....)C)@CVDW...
▓▓▓▓▓▓▓▓▓▓▓▓▓▓▓▓▓▓▓▓▓▓▓▓


You could see an ice dragon, a stone giant (ally target), a flayed ghost, a
vampire mage (invisible) and a friendly stone giant (summoned, berserk).

Vanquished Creatures
  A stone giant (D)
  A catoblepas (D)
  A centaur warrior (D)
  A two-headed ogre (shapeshifter) (D)
  4 death yaks (D)
  2 orc high priests (D)
  A skeletal warrior (D)
  A wizard (D)
  4 orc knights (D)
  A deep elf pyromancer (D)
  2 orc sorcerers (D)
  2 cyclopes (D)
  An ugly thing (D)
  2 cane toads (D)
  A komodo dragon (D)
  A yaktaur (D)
  A komodo dragon (shapeshifter) (D)
  A polar bear (D)
  A troll (D)
  A wraith (D)
  10 yaks (D)
  A wyvern (D)
  2 vampire mosquitoes (D)
  An acid dragon (D)
  A water moccasin (D)
  7 orc warriors (D)
  2 wolves (D)
  4 bullfrogs (D)
  2 hounds (D)
  A jelly (D)
  9 orc priests (D)
  6 orc wizards (D)
  A hell rat (D)
  6 orcs (D)
  A ball python (D)
  A goblin (D)
  2 hobgoblins (D)
  A ball python zombie (D)
  A kobold (D)
  A quokka zombie (D)
90 creatures vanquished.

Vanquished Creatures (collateral kills)
  3 orc high priests (D)
  2 orc priests (D)
5 creatures vanquished.

Vanquished Creatures (others)
  Maurice (D)
1 creature vanquished.

Grand Total: 96 creatures vanquished

Notes
Turn   | Place    | Note
-------+----------+-------------------------------------------
     0 | D        | Zeld the Minotaur Berserker began the quest for the Orb.
     0 | D        | Reached XP level 1. HP: 19/19 MP: 0/0
    14 | D        | Reached skill level 4 in Axes
    14 | D        | Reached ** piety under Trog
   119 | D        | Noticed a hound
   119 | D        | Noticed a jelly
   119 | D        | Noticed a hound
   121 | D        | Killed a hound
   122 | D        | Reached skill level 6 in Axes
   122 | D        | Reached XP level 2. HP: 28/28 MP: 1/1
   122 | D        | Reached XP level 3. HP: 35/35 MP: 2/2
   123 | D        | Reached *** piety under Trog
   124 | D        | Reached skill level 5 in Fighting
   126 | D        | Reached XP level 4. HP: 39/42 MP: 3/3
   128 | D        | Reached skill level 7 in Axes
   129 | D        | Reached skill level 5 in Armour
   255 | D        | Found a snail-covered altar of Cheibriados.
   255 | D        | Found a shadowy altar of Dithmenos.
   255 | D        | Found a white marble altar of Elyvilon.
   255 | D        | Found a blossoming altar of Fedhas.
   255 | D        | Found an opulent altar of Gozag.
   320 | D        | Found a hazy altar of Hepliaklqana.
   321 | D        | Found a viscous altar of Jiyva.
   322 | D        | Found an ancient bone altar of Kikubaaqudgha.
   323 | D        | Found a corrupted altar of Lugonu.
   324 | D        | Found a burning altar of Makhleb.
   325 | D        | Found a sparkling altar of Nemelex Xobeh.
   326 | D        | Found an iron altar of Okawaru.
   327 | D        | Found a stormy altar of Qazlal.
   328 | D        | Found a sacrificial altar of Ru.
   329 | D        | Found a shimmering blue altar of Sif Muna.
   330 | D        | Found a bloodstained altar of Trog.
   331 | D        | Found a hide-covered altar of Uskayaw.
   332 | D        | Found a radiant altar of Vehumet.
   333 | D        | Found an ornate altar of the Wu Jian Council.
   334 | D        | Found a shimmering altar of Xom.
   335 | D        | Found a basalt altar of Yredelemnul.
   336 | D        | Found a glowing silver altar of Zin.
   337 | D        | Found a glowing golden altar of the Shining One.
   474 | D        | Noticed a yak
   474 | D        | Noticed a vampire mosquito
   474 | D        | Noticed a troll
   474 | D        | Noticed a wyvern
   482 | D        | Killed a yak
   483 | D        | Reached skill level 9 in Axes
   483 | D        | Reached XP level 5. HP: 48/52 MP: 4/4
   484 | D        | Killed a vampire mosquito
   484 | D        | Reached **** piety under Trog
   485 | D        | Reached skill level 11 in Axes
   485 | D        | Reached XP level 6. HP: 49/61 MP: 5/5
   487 | D        | Killed a troll
   488 | D        | Reached skill level 12 in Axes
   488 | D        | Reached XP level 7. HP: 44/70 MP: 6/6
   491 | D        | Killed a wyvern
   716 | D        | Noticed a skeletal warrior
   716 | D        | Noticed a dream sheep
   716 | D        | Noticed a deep elf pyromancer
   716 | D        | Noticed a wraith
   716 | D        | Noticed a vampire mosquito
   716 | D        | Noticed a wind drake
   716 | D        | a dream sheep changed into a wind drake
   721 | D        | Killed a skeletal warrior
   721 | D        | Reached ***** piety under Trog
   722 | D        | Reached skill level 10 in Fighting
   722 | D        | Reached skill level 14 in Axes
   722 | D        | Reached skill level 10 in Armour
   722 | D        | Reached XP level 8. HP: 40/80 MP: 7/7
   849 | D        | Noticed a two-headed ogre
   854 | D        | Killed a two-headed ogre
   855 | D        | Reached skill level 15 in Axes
   855 | D        | Reached skill level 10 in Dodging
   861 | D        | Reached XP level 9. HP: 89/89 MP: 8/8
   866 | D        | Killed a deep elf pyromancer
   867 | D        | Reached skill level 16 in Axes
  1028 | D        | Noticed a cane toad
  1028 | D        | Noticed a komodo dragon
  1036 | D        | Killed a cane toad
  1041 | D        | Reached ****** piety under Trog
  1041 | D        | Noticed a cane toad
  1043 | D        | Received a gift from Trog
  1046 | D        | Killed a komodo dragon
  1047 | D        | Reached skill level 17 in Axes
  1062 | D        | Killed a cane toad
  1141 | D        | Noticed a catoblepas
  1141 | D        | Noticed a polar bear
  1145 | D        | Reached XP level 10. HP: 101/101 MP: 9/9
  1163 | D        | Killed a catoblepas
  1164 | D        | Reached skill level 18 in Axes
  1172 | D        | Received a gift from Trog
  1227 | D        | Noticed a death yak
  1227 | D        | Noticed a death yak
  1227 | D        | Noticed a death yak
  1228 | D        | Noticed a death yak
  1233 | D        | Killed a death yak
  1234 | D        | Reached skill level 19 in Axes
  1242 | D        | Killed a death yak
  1246 | D        | Killed a death yak
  1250 | D        | Killed a death yak
  1251 | D        | Reached skill level 20 in Axes
  1251 | D        | Reached XP level 11. HP: 61/111 MP: 10/10
  1417 | D        | Received a gift from Trog
  1420 | D        | Reached skill level 15 in Fighting
  1431 | D        | Noticed an orc sorcerer
  1437 | D        | Received a gift from Trog
  1445 | D        | Noticed a soul eater
  1454 | D        | Killed an orc sorcerer
  1682 | D        | Noticed an orc knight
  1682 | D        | Noticed an orc knight
  1685 | D        | Killed an orc knight
  1686 | D        | Reached skill level 15 in Armour
  1686 | D        | Received a gift from Trog
  1692 | D        | Killed an orc knight
  1698 | D        | Noticed an orc knight
  1699 | D        | Reached skill level 21 in Axes
  1704 | D        | Noticed an orc sorcerer
  1707 | D        | HP: 1/113 [orc knight/bolt (24)]
  1770 | D        | Killed an orc knight
  1770 | D        | Received a gift from Trog
  1962 | D        | Killed an orc sorcerer
  2022 | D        | Found Cekeup's Antique Weapon Emporium.
  2022 | D        | Noticed an orc high priest
  2022 | D        | Noticed an orc high priest
  2022 | D        | Noticed an orc high priest
  2023 | D        | Noticed an orc high priest
  2029 | D        | Killed an orc high priest
  2030 | D        | Noticed a sixfirhy
  2031 | D        | Found Mipseqel's General Store.
  2046 | D        | Killed an orc high priest
  2046 | D        | Received a gift from Trog
  2050 | D        | Killed an orc high priest
  2051 | D        | Reached skill level 22 in Axes
  2052 | D        | Killed an orc high priest
  2146 | D        | Reached skill level 15 in Dodging
  2154 | D        | Found Kuulo's Assorted Antiques.
  2156 | D        | Found Qekynyuk's Book Shoppe.
  2168 | D        | Bought a scroll of identify for 26 gold pieces
  2168 | D        | Bought a scroll of identify for 26 gold pieces
  2168 | D        | Bought a scroll of blinking for 97 gold pieces
  2168 | D        | Bought a +1 plate armour of willpower for 455 gold pieces
  2191 | D        | Noticed an orc high priest
  2196 | D        | Killed an orc high priest
  2240 | D        | Bought a scroll of identify for 64 gold pieces
  2240 | D        | Bought a marble ring for 160 gold pieces
  2240 | D        | Bought a silver wand for 128 gold pieces
  2240 | D        | Bought a scroll of identify for 64 gold pieces
  2333 | D        | Noticed Maurice
  2338 | D        | Killed Maurice
  2474 | D        | Found the +5 robe of Night {Dark Will+ SInv}
  2525 | D        | Noticed a centaur warrior
  2525 | D        | Noticed a wizard
  2525 | D        | Noticed a white ugly thing
  2531 | D        | Killed a centaur warrior
  2536 | D        | Reached XP level 12. HP: 124/124 MP: 11/11
  2539 | D        | Received a gift from Trog
  2541 | D        | Noticed a stone giant
  2542 | D        | Reached skill level 23 in Axes
  2542 | D        | Noticed a vampire mage
  2545 | D        | Noticed a stone giant
  2555 | D        | Killed a stone giant
  2555 | D        | Received a gift from Trog
  2556 | D        | Noticed an ice dragon
  2560 | D        | Mangled by a stone giant

Illustrated notes

Levels and vault maps discovered:
D:        linesprint [early_d, line_temple, items_1, d_10, items_2, lair_1,
          lair_end, items_3, orc_1, orc_end, items_4, d_15, swamp_1, shoals_1,
          snake_1, spider_1, d_20, vaults_1, items_5, swamp_end, shoals_end,
          snake_end, spider_end, vaults_end, d_27, items_6, zot_1, zot_end,
          crypt_end, forest_end, elf_end, slime_end, tomb_end, abyss_end,
          pan_hell_end]

Skill      XL: |  1  2  3  4  5  6  7  8  9 10 11 12 |
---------------+-------------------------------------+-----
Axes           | 6 9 11 12 14 15 17 20 22 23 | 23.4
Fighting       | 4 5 7 8 9 10 11 13 14 16 17 | 17.4
Armour         | 4 6 7 8 10 11 12 14 16 17 | 17.2
Dodging        | 3 4 6 7 9 10 11 13 15 | 15.9

Action                   |  1- 3 |  4- 6 |  7- 9 | 10-12 || total
-------------------------+-------+-------+-------+-------++-------
Melee: Hand axe          |    17 |     3 |       |       ||    20
       War axe           |       |    12 |    50 |       ||    62
       Headbutt          |       |     1 |    11 |    33 ||    45
       Battleaxe         |       |       |     2 |    93 ||    95
       Punch             |       |       |     1 |       ||     1
       Executioner's axe |       |       |       |    74 ||    74
Invok: Berserk           |     1 |     1 |     4 |     2 ||     8
       Brothers in Arms  |       |       |       |     3 ||     3
       Trog's Hand       |       |       |       |     1 ||     1
  Use: Potion            |       |       |     3 |       ||     3
       Scroll            |       |       |       |     1 ||     1
Armor: Animal skin       |     1 |       |       |       ||     1
       Troll leather arm |       |       |     5 |    18 ||    23
       Plate armour      |       |       |       |     7 ||     7
Dodge: Dodged            |    10 |     2 |    25 |    66 ||   103
